 Dungeon Crawl Stone Soup version 0.29-a0-1027-gcd8c55af63 (webtiles) character file.

Game seed: 14100409441227586502

3826 Plasmagod the Severer (level 9, -22/78 HPs)
             Began as a Minotaur Fighter on Aug 13, 2022.
             Was a Believer of Ru.
             Killed from afar by Maggie (30 damage)
             ... with a bolt of fire
             ... on level 8 of the Dungeon.
             The game lasted 00:17:20 (7506 turns).

Plasmagod the Severer (Minotaur Fighter)            Turns: 7506, Time: 00:17:21

Health: -22/78     AC: 12    Str: 31    XL:     9   Next: 97%
Magic:  8/8        EV:  9    Int:  5    God:    Ru [**....]
Gold:   442        SH:  9    Dex: 10    Spells: 8/8 levels left

rFire   . . .      SeeInvis .   a - +0 war axe
rCold   . . .      Faith    .   c - +0 buckler
rNeg    . . .      Spirit   .   A - +3 scale mail {rPois}
rPois   +          Reflect  +   (helmet restricted)
rElec   .          Harm     .   o - +0 cloak
rCorr   .          Rampage  .   t - +0 pair of gloves
Will    .....                   (no boots)
Stlth   ..........              u - amulet of reflection
HPRegen 0.23/turn               B - +6 ring of strength
MPRegen 0.11/turn               (no ring)

@: no status effects
A: horns 2, hated by all, retaliatory headbutt
a: Renounce Religion


You were on level 8 of the Dungeon.
You worshipped Ru.
Ru was pleased with you.
You visited 2 branches of the dungeon, and saw 9 of its levels.

You collected 442 gold pieces.

Inventory:

Hand Weapons
 a - a +0 war axe (weapon)
Missiles
 J - 4 javelins (quivered)
Armour
 c - a +0 buckler (worn)
 h - a +0 pair of gloves
 o - a +0 cloak (worn)
 t - a +0 pair of gloves (worn)
 A - a +3 scale mail of poison resistance (worn)
Jewellery
 n - an amulet of faith
 u - an amulet of reflection (around neck)
 B - a +6 ring of strength (left hand)
 K - an amulet of magic regeneration
Wands
 y - a wand of iceblast (16)
 E - a wand of paralysis (20)
 I - a wand of polymorph (14)
Scrolls
 g - 5 scrolls of teleportation
 j - a scroll of noise
 k - a scroll of enchant weapon {unknown}
 l - 2 scrolls of amnesia {unknown}
 q - a scroll of magic mapping {unknown}
 r - 3 scrolls of immolation {unknown}
 s - a scroll of brand weapon {unknown}
 v - 3 scrolls of identify
 w - 2 scrolls of fear {unknown}
 x - 2 scrolls of fog {unknown}
 z - 2 scrolls of poison {unknown}
 H - a scroll of silence {unknown}
Potions
 b - a potion of heal wounds {unknown}
 d - 4 potions of might
 e - 5 potions of attraction
 f - 2 potions of brilliance {unknown}
 i - 2 potions of resistance
 m - a potion of berserk rage {unknown}
 p - 8 potions of curing
 C - a potion of haste {unknown}
 D - a potion of flight
 F - a potion of mutation {unknown}
 G - a potion of invisibility {unknown}


   Skills:
 + Level 6.6 Fighting
 - Level 16.0 Axes
 - Level 3.6 Armour
 - Level 3.6 Shields


You had 8 spell levels left.
You didn't know any spells.
Your spell library contained the following spells:

 Spells                   Type           Power      Damage    Failure   Level
 Freeze                   Ice            0%         1d3       80%         1
 Magic Dart               Conj           0%         1d3       80%         1
 Blink                    Tloc           0%         N/A       91%         2
 Frozen Ramparts          Ice            0%         1d1       99%         3
 Lesser Beckoning         Tloc           0%         N/A       99%         3
 Mephitic Cloud           Conj/Pois/Air  0%         N/A       99%         3
 Portal Projectile        Hex/Tloc       0%         N/A       99%         3
 Hailstorm                Conj/Ice       0%         3d3       100%        4
 Blade Hands              Tmut           0%         N/A       100%        5
 Manifold Assault         Tloc           0%         N/A       100%        5
 Call Imp                 Summ           Unusable   N/A       N/A         2
 Tukima's Dance           Hex            Unusable   N/A       N/A         3

Dungeon Overview and Level Annotations

Branches:
Dungeon (8/15)             Temple (1/1) D:4            Lair (0/5) D:8

Altars:
Ashenzari
Cheibriados
Dithmenos
Elyvilon
Gozag
Nemelex Xobeh
Qazlal
Ru
Uskayaw
Wu Jian
Xom
Zin

Shops:
D:3 :

Annotations:
D:3 Grinder
D:6 1 runed translucent door, hypergardens's ghost, novice SpHu
D:8 Maggie


Innate Abilities, Weirdness & Mutations

You have a pair of horns on your head.
You are hated by all.
You reflexively headbutt those who attack you in melee.


Message History

The orc warrior burns you.
You focus your inner power and blind the orc warrior in retribution!
You break out of your daze!
The hornet stings you!
* * * LOW HITPOINT WARNING * * *
You miss the hornet. Your headbutt misses the hornet.
The orc hits you but does no damage.
The orc warrior hits you but does no damage.
You block the hornet's attack.
You miss the hornet.
The hornet stings you but does no damage.
The orc hits you from afar with a +0 trident.
* * * LOW HITPOINT WARNING * * *
You closely miss the hornet. The hornet stings you!
* * * LOW HITPOINT WARNING * * *
You block the orc's attack.
You slash the hornet!
The hornet is moderately wounded.
The hornet closely misses you. You furiously retaliate!
You headbutt the hornet! You closely miss the hornet. You headbutt the hornet!
You kill the hornet!
The orc hits you but does no damage.
Your Fighting skill increases to level 6!
Okay, then.
You slash the orc warrior!
You headbutt the orc warrior, but do no damage.
The orc warrior is almost dead.
The orc warrior is no longer blind.
The orc hits you from afar with a +0 trident.
* * * LOW HITPOINT WARNING * * *
The orc warrior barely misses you.
You slash the orc warrior!
You kill the orc warrior!
You block the orc's attack.
Items here: ) ? [ ††.
You hit the orc but do no damage.
Maggie points at you and mumbles some strange words.
The bolt of fire hits you!!
You die...

......# .......##
........# ........#
........# ........#
.......@## ########.
. .......o.#
##........ ......##@#
##..####### .....
#.###..###....# ...?
#.....####....# ...
#...#.##......# ##
####.###....###.### #
#....####...# #...###
#....##...#.#####..#.
#########
#....##.###...####...
#.......###.......#
###....#...


You could see Maggie and an orc.

Vanquished Creatures
  Pikel (D:8)
  A troll (D:6)
  A hornet (D:8)
  A wraith (D:7)
  Eustachio (D:4)
  A steam dragon (D:8)
  Edmund (D:4)
  A sky beast (D:7)
  A black bear (D:6)
  An orc warrior (D:8)
  2 ice beasts
  5 ogres
  A centaur (D:5)
  A phantom (D:6)
  A kobold brigand (D:7)
  A gnoll sergeant (D:5)
  A necrophage (D:8)
  2 scorpions
  3 killer bees (D:8)
  3 howler monkeys
  The ghost of 27heaven the Changer, a weakling DgWn (D:3)
  A gnoll bouda (D:6)
  4 orc priests
  4 hounds
  6 iguanas
  A scorpion zombie (D:3)
  An orc wizard (D:4)
  14 adders
  7 gnolls
  2 river rats (D:4)
  A shadow imp (D:6)
  A white imp (D:6)
  2 ufetubi
  An adder zombie (D:3)
  2 dart slugs
  26 orcs
  6 endoplasms
  9 giant cockroaches
  8 goblins
  9 hobgoblins
  7 jackals
  3 quokkas
  18 ball pythons
  4 bats
  12 kobolds
  6 rats
186 creatures vanquished.

Notes
Turn   | Place    | Note
-------+----------+-------------------------------------------
     0 | D:1      | Plasmagod the Minotaur Fighter began the quest for the Orb.
     0 | D:1      | Reached XP level 1. HP: 19/19 MP: 0/0
    87 | D:1      | Reached skill level 3 in Axes
    89 | D:1      | Reached XP level 2. HP: 26/26 MP: 1/1
   351 | D:1      | Found a faded altar of an unknown god.
   430 | D:1      | Reached skill level 4 in Axes
   525 | D:1      | Reached XP level 3. HP: 31/31 MP: 2/2
  1284 | D:2      | Reached skill level 5 in Axes
  1629 | D:3      | Reached XP level 4. HP: 39/39 MP: 3/3
  1716 | D:3      | Found Danuc's Book Emporium.
  1807 | D:3      | Found a stormy altar of Qazlal.
  2032 | D:3      | Found a runed translucent gate.
  2032 | D:3      | Found a runed translucent gate.
  2032 | D:3      | Found a runed translucent gate.
  2032 | D:3      | Noticed 27heaven's ghost (weakling DgWn)
  2034 | D:3      | Found a basalt altar of Yredelemnul.
  2048 | D:3      | Reached skill level 6 in Axes
  2057 | D:3      | Killed 27heaven's ghost
  2058 | D:3      | Reached XP level 5. HP: 29/45 MP: 4/4
  2179 | D:3      | Found a snail-covered altar of Cheibriados.
  2461 | D:3      | Reached skill level 7 in Axes
  2673 | D:3      | Noticed Grinder
  2677 | D:3      | Paralysed by Grinder for 2 turns
  2749 | D:4      | Reached XP level 6. HP: 9/51 MP: 5/5
  2837 | D:4      | Reached skill level 8 in Axes
  2975 | D:4      | Found a staircase to the Ecumenical Temple.
  3260 | D:4      | Found a sparkling altar of Nemelex Xobeh.
  3295 | D:4      | Reached skill level 9 in Axes
  3295 | D:4      | Reached XP level 7. HP: 46/57 MP: 6/6
  3404 | D:4      | Noticed Eustachio
  3420 | D:4      | Killed Eustachio
  3421 | D:4      | Reached skill level 10 in Axes
  3766 | D:4      | Noticed Edmund
  3781 | D:4      | Killed Edmund
  4102 | D:5      | Entered Level 5 of the Dungeon
  4127 | D:5      | Reached skill level 11 in Axes
  4270 | D:5      | Reached XP level 8. HP: 57/64 MP: 7/7
  4457 | D:5      | Reached skill level 12 in Axes
  4621 | Temple   | Entered the Ecumenical Temple
  4639 | Temple   | Became a worshipper of Ru the Awakened
  5081 | D:6      | Reached skill level 13 in Axes
  5255 | D:6      | Noticed a troll
  5265 | D:6      | Killed a troll
  5416 | D:6      | Noticed hypergardens's ghost (novice SpHu)
  5422 | D:6      | Found a runed translucent door.
  5483 | D:6      | Reached skill level 14 in Axes
  5483 | D:6      | Reached XP level 9. HP: 63/70 MP: 8/8
  6319 | D:7      | Reached skill level 15 in Axes
  6591 | D:7      | Gained mutation: You are hated by all. [Ru sacrifice]
  6591 | D:7      | Reached * piety under Ru
  6591 | D:7      | Reached ** piety under Ru
  6826 | D:7      | Found a hide-covered altar of Uskayaw.
  7021 | D:8      | Found a staircase to the Lair.
  7270 | D:8      | Found an ornate altar of the Wu Jian Council.
  7390 | D:8      | Noticed Pikel
  7396 | D:8      | Killed Pikel
  7397 | D:8      | Reached skill level 16 in Axes
  7397 | D:8      | Reached skill level 5 in Fighting
  7490 | D:8      | Noticed Maggie
  7506 | D:8      | Killed from afar by Maggie

Illustrated notes

Levels and vault maps discovered:
D:1:      wander_arrival_lonely_grave, layout_rooms,
          hellmonk_ecumenical_altar_arch_garden
D:2:      layout_loops_corners
D:3:      layout_basic, nicolae_yredelemnul_ghost_church,
          overflow_temple_1_default, mainiacjoe_overflow_cross_hatched,
          serial_shops, shop, minmay_snake_closets, uniq_grinder
D:4:      nicolae_cairo_tiling_large_dashed, layout_cave_pods,
          mainiacjoe_overflow_concentric_impassable,
          minmay_temple_entry_overgrown, gup_sewer_entry_spiral,
          kennysheep_generic_room_9, uniq_eustachio, uniq_edmund
D:5:      layout_cave_pools, minmay_door_square
D:6:      layout_basic, hellmonk_ghost_happy_afterlife
D:7:      layout_loops_ring, mainiacjoe_overflow_alcove_4, serial_glass,
          glass_columns_b, glass_columns_a
D:8:      layout_rooms, nicolae_wu_jian_immortal_techniques, lair_entry_dummy,
          uniq_maggie, uniq_pikel
Temple:   compressed_dpeg_triangle_lava_temple

Skill      XL: |  1  2  3  4  5  6  7  8  9 |
---------------+----------------------------+-----
Axes           | 3 4 5 6 7 9 11 14 16 | 16.0
Fighting       | 6 |  6.6
Armour         | |  3.6
Shields        | |  3.6

Action                   |  1- 3 |  4- 6 |  7- 9 || total
-------------------------+-------+-------+-------++-------
Melee: War axe           |    70 |   150 |   260 ||   480
       Headbutt          |     9 |    20 |    46 ||    75
Invok: Sacrifice Love    |       |       |     1 ||     1
Evoke: Wand              |       |       |     1 ||     1
  Use: Scroll            |       |       |     7 ||     7
Armor: Scale mail        |    30 |       |    76 ||   106
       Chain mail        |     4 |    86 |    26 ||   116
Dodge: Dodged            |    39 |    53 |    62 ||   154
Block: Buckler           |    12 |    29 |    93 ||   134
       Reflection        |       |       |     3 ||     3

Table legend: (Time is in decaauts)
 A = Elapsed time spent in this place.
 B = Non-inter-level travel time spent in this place.
 C = Inter-level travel time spent in this place.
 D = Time resting spent in this place.
 E = Time spent auto-exploring this place.
 F = Levels seen in this place.
 G = Mean time per level.
                   A        B        C        D        E       F      G
               +--------+--------+--------+--------+--------+-----+--------+
         Total |   7569 |   7278 |    291 |    470 |   5244 |   9 |  841.0 |
       Dungeon |   7532 |   7258 |    274 |    470 |   5236 |   8 |  941.5 |
        Temple |     36 |     19 |     17 |      0 |      8 |   1 |   36.0 |
               +--------+--------+--------+--------+--------+-----+--------+

Top non-repeatable levels by time:
     D:3: 1380 daAuts
     D:4: 1232 daAuts
     D:6: 1176 daAuts
     D:2: 898 daAuts
     D:5: 843 daAuts
     D:1: 740 daAuts
     D:7: 711 daAuts
     D:8: 550 daAuts
  Temple: 36 daAuts
